 Dungeon Crawl Stone Soup version 0.28.0-53-g5a82cb258f (webtiles) character file.

Game seed: 4439794521005493021

129 Ijustatesigmund the Stinger (level 5, -2/31 HPs)
             Began as an Octopode Venom Mage on July 15, 2022.
             Slain by a gnoll
             ... wielding a +0 halberd
              (5 damage)
             ... on level 4 of the Dungeon.
             The game lasted 00:07:56 (3758 turns).

Ijustatesigmund the Stinger (Octopode Venom Mage)   Turns: 3758, Time: 00:07:58

Health: -2/31      AC:  1    Str:  8    XL:     5   Next: 12%
Magic:  8/9        EV: 14    Int: 19    God:
Gold:   78         SH:  0    Dex: 12    Spells: 3/9 levels left

rFire   . . .      SeeInvis .   b - +9 sword of Zonguldrok {reap}
rCold   . . .      Faith    .   (no shield)
rNeg    . . .      Spirit   .   (helmet restricted)
rPois   .          Reflect  .   (no amulet)
rElec   .          Harm     .   e - +4 ring of evasion
rCorr   .          Rampage  .   (no ring)
Will    .....                   (no ring)
Stlth   +++.......              (no ring)
HPRegen 0.10/turn               (no ring)
MPRegen 0.11/turn               (no ring)
                                (no ring)
                                (no ring)

@: constricted
A: almost no armour, amphibious, 8 rings, camouflage 1, gelatinous body 1,
(nimble swimmer 1), tentacles
a: no special abilities


You were on level 4 of the Dungeon.
You visited 1 branch of the dungeon, and saw 4 of its levels.

You collected 78 gold pieces.

Inventory:

Hand Weapons
 b - the +9 sword of Zonguldrok (weapon) {reap}
   (You acquired it on level 4 of the Dungeon)

   Any living foe damaged by it may be reanimated upon death as a zombie
   friendly to the wielder, with an increasing chance as more damage is dealt.
Jewellery
 e - a +4 ring of evasion (left tentacle)
 k - a +6 ring of intelligence
Scrolls
 h - a scroll of amnesia
 i - 2 scrolls of immolation
Potions
 a - a potion of berserk rage
 c - a potion of heal wounds {unknown}
 d - a potion of haste {unknown}
 f - a potion of resistance {unknown}
 g - a potion of mutation {unknown}
 j - 2 potions of curing


   Skills:
 + Level 0.3 Fighting
 + Level 0.1 Long Blades
 - Level 2.0 Dodging
 - Level 2.6 Stealth
 - Level 2.9 Spellcasting
 + Level 2.6 Transmutations
 + Level 1.5 Air Magic
 - Level 4.6 Poison Magic


You had 3 spell levels left.
You knew the following spells:

 Your Spells              Type           Power      Damage    Failure   Level
a - Sting                 Tmut/Pois      64%        1d6       3%          1
b - Poisonous Vapours     Pois/Air       28%        N/A       7%          2
c - Mephitic Cloud        Conj/Pois/Air  10%        N/A       21%         3

Your spell library contained the following spells:

 Spells                   Type           Power      Damage    Failure   Level
 Olgreb's Toxic Radiance  Pois           20%        N/A       22%         4


Dungeon Overview and Level Annotations

Branches:
Dungeon (4/15)
 Temple: D:4-7

Altars:


Innate Abilities, Weirdness & Mutations

You cannot wear most types of armour.
You are amphibious.
You can wear up to eight rings at the same time.
Your skin changes colour to match your surroundings (Stealth+).
Your rubbery body absorbs attacks. (AC +1, EV +1)
((You are camouflaged when in or above water. (Stealth+)))
You have tentacles for arms and can constrict up to eight enemies at once.


Message History

Aiming: Sting (safe; 3% risk of failure)
Press: ? - help, Shift-Dir - straight line, f - gnoll shaman
Aim: a gnoll shaman, wielding a +0 club and wearing a +0 robe (77% to hit)
The sting hits the gnoll shaman.
The gnoll shaman is poisoned.
The gnoll shaman is lightly wounded.
The gnoll shaman closely misses you.
Your giant cockroach zombie closely misses the ball python.
The ball python closely misses your giant cockroach zombie.
The ball python grabs your giant cockroach zombie.
The ball python constricts your giant cockroach zombie.
A gnoll comes into view. It is wielding a +0 halberd.
You slash the gnoll shaman! You grab the gnoll shaman.
The gnoll shaman is almost dead.
You constrict the gnoll shaman, but do no damage.
The ball python bites your giant cockroach zombie.
The ball python constricts your giant cockroach zombie.
The gnoll shaman utters an invocation to its god.
The gnoll shaman is healed somewhat.
Your giant cockroach zombie bites the ball python.
An orc comes into view. It is wielding a +0 hand axe.
The ball python bites your giant cockroach zombie.
Your giant cockroach zombie is destroyed!
The gnoll shaman hits you with a +0 club!
It was a potion of curing.
You feel better.
You constrict the gnoll shaman. The gnoll closely misses you.
The gnoll shaman hits you with a +0 club!
* * * LOW HITPOINT WARNING * * *
You completely miss the gnoll shaman. You squeeze the gnoll shaman.
The gnoll shaman is severely wounded.
You constrict the gnoll shaman.
You kill the gnoll shaman!
The ball python completely misses you. The ball python grabs you.
The ball python constricts you.
* * * LOW HITPOINT WARNING * * *
The gnoll misses you. The ball python bites you.
* * * LOW HITPOINT WARNING * * *
The ball python constricts you.
* * * LOW HITPOINT WARNING * * *
The gnoll hits you from afar with a +0 halberd.
You die...

.................###.
...#................
..(..................
##..............##..
####...............
.#
#####....###.....##
.. ........##
..##.....#.#.
#######.#####.##
......#. #..S@.......
......#.
.....#)########
........ ##...$g#
......# .....(..
#..... #........
##..... #........
#...... #.........
#...... .......
#...... #.<....


You could see a gnoll and a ball python.

Vanquished Creatures
  A gnoll shaman (D:4)
  A gnoll (D:4)
  2 adders (D:3)
  An ufetubus (D:3)
  3 worms
  4 dart slugs
  12 ball pythons
  4 endoplasms
  4 giant cockroaches
  9 goblins
  2 hobgoblins
  2 jackals (D:2)
  2 quokkas
  7 bats
  7 frilled lizards
  8 kobolds
  6 rats
75 creatures vanquished.

Notes
Turn   | Place    | Note
-------+----------+-------------------------------------------
     0 | D:1      | Ijustatesigmund the Octopode Venom Mage began the quest for
                  | the Orb.
     0 | D:1      | Reached XP level 1. HP: 11/11 MP: 3/3
   212 | D:1      | Reached XP level 2. HP: 17/17 MP: 1/5
   215 | D:1      | Learned a level 2 spell: Poisonous Vapours
   456 | D:1      | Reached skill level 4 in Poison Magic
   875 | D:1      | Reached XP level 3. HP: 21/21 MP: 6/6
   879 | D:1      | Learned a level 3 spell: Mephitic Cloud
  2336 | D:2      | Reached XP level 4. HP: 27/27 MP: 8/8
  2478 | D:3      | Reached skill level 1 in Air Magic
  2663 | D:3      | Found a faded altar of an unknown god.
  3660 | D:4      | Reached XP level 5. HP: 27/31 MP: 6/9
  3736 | D:4      | Identified a scroll of acquirement
  3736 | D:4      | Acquired the +9 sword of Zonguldrok {reap}
  3736 | D:4      | Found the +9 sword of Zonguldrok {reap}
  3758 | D:4      | Slain by a gnoll

Illustrated notes

Levels and vault maps discovered:
D:1:      mushboom_english_gardens, layout_basic
D:2:      layout_basic, serial_curves, eino_curves_04, eino_curves_01,
          minmay_bisected
D:3:      layout_basic, nicolae_ecumenical_snake_handling
D:4:      layout_rooms, lemuel_crystal_altar, minmay_temple_entry_from_below_a,
          cheibrodos_sewer_entry_bend, minmay_starry_boxes

Skill      XL: |  1  2  3  4 |
---------------+-------------+-----
Poison Magic   | 4 |  4.6
Transmutations | 2 |  2.6
Air Magic      | 1 |  1.5
Fighting       | |  0.3
Long Blades    | |  0.1
Dodging        | |  2.0
Stealth        | |  2.6
Spellcasting   | |  2.9

Action                   |  1- 3 |  4- 6 || total
-------------------------+-------+-------++-------
Melee: Constrict         |    17 |    11 ||    28
       Tentacles         |    12 |     9 ||    21
       Unarmed           |     1 |       ||     1
       Short sword       |    45 |    24 ||    69
       Punch             |     2 |       ||     2
       Whip              |       |     4 ||     4
       Double sword      |       |     7 ||     7
 Cast: Sting             |    35 |    30 ||    65
  Use: Scroll            |     2 |     4 ||     6
       Potion            |       |     1 ||     1
 Stab: Sleeping          |     7 |     2 ||     9
Armor: Skin              |     7 |     1 ||     8
Dodge: Dodged            |    25 |    26 ||    51
